 Dungeon Crawl Stone Soup version 0.28.0-45-g0d030f2227 (webtiles) character file.

Game seed: 14411888122483660024

28 protoss039 the Digger (level 3, 23/26 HPs)
             Began as a Demonspawn Earth Elementalist on May 30, 2022.
             Got out of the dungeon alive.
             The game lasted 00:01:06 (1269 turns).

protoss039 the Digger (DsEE)                        Turns: 1269, Time: 00:01:07

Health: 23/26      AC:  2    Str:  8    XL:     3   Next: 0%
Magic:  6/6        EV: 12    Int: 18    God:
Gold:   34         SH:  0    Dex: 13    Spells: 5/6 levels left

rFire   . . .      SeeInvis .   a - +0 dagger
rCold   . . .      Faith    .   (no shield)
rNeg    . . .      Spirit   .   b - +0 robe
rPois   .          Reflect  .   (helmet restricted)
rElec   .          Harm     .   (no cloak)
rCorr   .          Rampage  .   (no gloves)
Will    .....                   (no boots)
Stlth   ++........              (no amulet)
HPRegen 0.08/turn               (no ring)
MPRegen 0.10/turn               (no ring)

@: no status effects
A: horns 1, powered by death 1
a: no special abilities


You escaped.
You visited 1 branch of the dungeon, and saw 1 of its levels.

You collected 34 gold pieces.

Inventory:

Hand Weapons
 a - a +0 dagger (weapon)
Missiles
 c - 55 stones
Armour
 b - a +0 robe (worn)
Scrolls
 e - a scroll of identify {unknown}
Potions
 d - a potion of berserk rage {unknown}
 f - a potion of resistance {unknown}


   Skills:
 * Level 1.4 Fighting
 + Level 0.8 Armour
 - Level 1.7 Dodging
 - Level 1.7 Stealth
 + Level 2.2 Spellcasting
 - Level 1.0 Transmutations
 + Level 2.9 Earth Magic


You had 5 spell levels left.
You knew the following spells:

 Your Spells              Type           Power      Damage    Failure   Level
a - Sandblast             Erth           24%        2d8       5%          1

Your spell library contained the following spells:

 Spells                   Type           Power      Damage    Failure   Level
 Passwall                 Tmut/Erth      7%         N/A       12%         2
 Animate Skeleton         Necr           4%         N/A       19%         1
 Pain                     Necr           8%         1d4       19%         1
 Stone Arrow              Conj/Erth      14%        3d7       28%         3
 Vampiric Draining        Necr           2%         2d6       47%         3
 Petrify                  Tmut/Erth      9%         N/A       61%         4


Dungeon Overview and Level Annotations

Branches:
Dungeon (1/15)

Altars:


Innate Abilities, Weirdness & Mutations

You have a pair of small horns on your head.
You regenerate a little health from kills.


Message History

A goblin comes into view. It is wielding a +0 club.
A goblin is nearby!
A goblin is nearby!
Found an escape hatch in the floor.
A goblin is nearby!
A goblin is nearby!
The goblin shouts!
A goblin is nearby!
The goblin hits you but does no damage.
A goblin is nearby!
You barely miss the goblin. The goblin misses you.
Unknown command.
You barely miss the goblin. The goblin barely misses you.
Unknown command.
You completely miss the goblin. The goblin closely misses you.
Unknown command.
You miss the goblin. The goblin hits you with a +0 club.
Unknown command.
You closely miss the goblin. The goblin hits you with a +0 club.
Unknown command.
You barely miss the goblin. The goblin hits you with a +0 club.
Unknown command.
Casting: Sandblast (safe; 6% risk of failure)
Confirm with . or Enter, or press ? or * to list all spells.
Aiming: Sandblast (safe; 6% risk of failure)
Press: ? - help, Shift-Dir - straight line, f - goblin
Aim: a goblin, wielding a +0 club (74% to hit)
The blast of sand hits the goblin!
You kill the goblin!
You have reached level 3!
Your experience leads to an increase in your attributes!
Increase (S)trength, (I)ntelligence, or (D)exterity?
You feel clever. x2; Your demonic ancestry asserts itself...
A pair of horns grows on your head!
Unknown command.
There is an open door here.
There is an open door here.
There is a staircase leading out of the dungeon here.
Are you sure you want to leave the Dungeon?
This will make you lose the game!
You have escaped!

.......###......#.###########....
..^....# #####.##..........##....
.......# #.##..........##....
.......# #.............##....
.......######################....
.......##................# #....
#########................# ####.
#.#########PPPP..# #.
#.#....#@.#...P..# #.
#.#....#..#...P..#######.
#.#....#..#.♣.P..........
#.#....#'##...P...#######
#.#....#..#.......#
#.###+##..'.......#
#.#.......#......##
#.##+###'##...P..#
#.#..#....#.♣.P..#


There were no monsters in sight!

Vanquished Creatures
  A gnoll (D:1)
  4 endoplasms (D:1)
  2 giant cockroaches (D:1)
  5 goblins (D:1)
  A hobgoblin (D:1)
  A ball python (D:1)
  A frilled lizard (D:1)
  A kobold (D:1)
  2 rats (D:1)
18 creatures vanquished.

Notes
Turn   | Place    | Note
-------+----------+-------------------------------------------
     0 | D:1      | protoss039 the Demonspawn Earth Elementalist began the
                  | quest for the Orb.
     0 | D:1      | Reached XP level 1. HP: 13/13 MP: 3/3
   104 | D:1      | Reached skill level 1 in Transmutations
   406 | D:1      | Found a faded altar of an unknown god.
   428 | D:1      | Gained mutation: You regenerate a little health from kills.
                  | [demonic ancestry]
   428 | D:1      | Reached XP level 2. HP: 17/20 MP: 5/5
   580 | D:1      | Reached skill level 1 in Fighting
  1219 | D:1      | Gained mutation: You have a pair of small horns on your
                  | head. [demonic ancestry]
  1219 | D:1      | Reached XP level 3. HP: 19/26 MP: 4/6
  1269 | D:$      | Got out of the dungeon alive.

Illustrated notes

Levels and vault maps discovered:
D:1:      evilmike_arrival_home_sweet_home, layout_basic, basic_ecumenical_altar

Skill      XL: |  1  2 |
---------------+-------+-----
Transmutations | 1 |  1.0
Fighting       | 1 |  1.4
Armour         | |  0.8
Dodging        | |  1.7
Stealth        | |  1.7
Spellcasting   | |  2.2
Earth Magic    | |  2.9

Action                   || total
-------------------------++-------
Melee: Dagger            ||    56
       Unarmed           ||     9
       Punch             ||     1
 Cast: Sandblast         ||    17
 Stab: Sleeping          ||     2
Armor: Robe              ||     9
Dodge: Dodged            ||    42
